 Dungeon Crawl Stone Soup version 0.22.1-2-g9c5b331 (webtiles) character file.

7 myga the Vexing (level 2, 0/22 (23) HPs)
             Began as a Ghoul Arcane Marksman on Nov 26, 2018.
             Slain by a jackal (3 damage)
             ... on level 1 of the Dungeon.
             The game lasted 00:03:10 (228 turns).

myga the Vexing (Ghoul Arcane Marksman)              Turns: 228, Time: 00:03:11

HP:   0/22 (23)     AC:  2    Str: 13    XL:     2   Next: 0%
MP:   2/2           EV: 12    Int:  8    God:
Gold: 30            SH:  0    Dex:  9    Spells: 2/3 levels left

rFire    . . .     SeeInvis .   a - +0 hunting sling
rCold    + . .     Gourm    .   (no shield)
rNeg     + + +     Faith    .   e - +0 robe
rPois    ∞         Spirit   .   (no helmet)
rElec    .         Reflect  .   (no cloak)
rCorr    .         Harm     .   (no gloves)
MR       .....                  (no boots)
Stlth    +.........             (no amulet)
HPRegen  0.00/turn              (no ring)
MPRegen  0.08/turn              (no ring)

@: flying, rotting
A: rotting body, claws 1, carnivore, cold resistance 1, negative energy
resistance 3, inhibited regeneration, torment resistance, unbreathing
a: no special abilities


You were on level 1 of the Dungeon.
You were not hungry.

You visited 1 branch of the dungeon, and saw 1 of its levels.

You collected 30 gold pieces.

Inventory:

Hand Weapons
 a - a +0 hunting sling (weapon)
Missiles
 c - 15 stones
 d - 10 sling bullets (quivered)
Armour
 e - a +0 robe (worn)
 j - a +0 leather armour
Scrolls
 g - a scroll of random uselessness {unknown}
 h - a scroll of magic mapping {unknown}
Potions
 b - a potion of flight
Comestibles
 f - 2 rations
 i - a chunk of flesh


   Skills:
 + Level 1.1 Fighting
 + Level 1.9 Slings
 + Level 1.8 Dodging
 + Level 1.0 Spellcasting
 + Level 2.6 Hexes


You had 2 spell levels left.
You knew the following spells:

 Your Spells              Type           Power        Failure   Level  Hunger
a - Corona                Hex            #......      13%         1    ##.....

Your spell library contained the following spells:

 Spells                   Type           Power        Failure   Level  Hunger
 Slow                     Hex            #.......     21%         2    ###....
 Inner Flame              Hex/Fire       #.......     56%         3    ####...
 Portal Projectile        Hex/Tloc       #.....       56%         3    ####...
 Cause Fear               Hex            #.........   78%         4    #####..
 Leda's Liquefaction      Hex/Erth       #.........   92%         4    #####..


Dungeon Overview and Level Annotations

Branches:
Dungeon (1/15)

Altars:


Innate Abilities, Weirdness & Mutations

Your body is rotting away.
You thrive on raw meat.
You are immune to poison.
You have sharp fingernails.
You are carnivorous and can eat meat at any time.
Your flesh is cold resistant. (rC+)
You are immune to negative energy. (rN+++)
You do not regenerate when monsters are visible.
You are immune to unholy pain and torment.
You can survive without breathing.


Message History

Press: ? - help, Shift-Dir - straight line, f/p - kobold
Aim: a kobold, wielding a dagger You shoot a sling bullet.
The sling bullet barely misses the jackal. x2
The sling bullet hits the kobold.
The kobold is severely wounded.
The jackal closely misses you.
Firing (i - inventory. (/) - cycle)
d - 11 sling bullets (quivered)
Press: ? - help, Shift-Dir - straight line, f/p - kobold
Aim: a kobold, wielding a dagger (severely wounded)
You shoot a sling bullet.
The sling bullet barely misses the jackal.
The sling bullet closely misses the jackal.
The sling bullet hits the kobold.
You kill the kobold!
You have reached level 2!
The jackal bites you.
* * * LOW HITPOINT WARNING * * *
The jackal bites you.
You die...

(.(.#.#.....#.##.# . . #......
#.#.#.#...Kg#.##(# .. #....♣#
.................# .#. #..P♣##
..............##.# ..#.# #..###.
..............##.##...#..##.#####
.......#.####.##g................
..#.#.##.####.##h####............
..#...........##h# #.............
#.###.##.####.##@# #......#.##.##
..##.####.##.# #..#.#........ .
...........# #..#.#......#.
...........###..#.#..>...#.
...........................
...####.#..###..#.#..#...#. ..
#.#..# #..#.#......#. .
####.#..###..#.#........
........................


You could see 2 jackals and a hobgoblin.

Vanquished Creatures
  A giant cockroach (D:1)
  A jackal (D:1)
  A bat (D:1)
  A frilled lizard (D:1)
  A goblin (D:1)
  A kobold (D:1)
  2 rats (D:1)
8 creatures vanquished.

Notes
Turn   | Place    | Note
-------+----------+-------------------------------------------
     0 | D:1      | myga the Ghoul Arcane Marksman began the quest for the Orb.
     0 | D:1      | Reached XP level 1. HP: 16/16 MP: 1/1
   228 | D:1      | Reached XP level 2. HP: 5/22 MP: 2/2
   228 | D:1      | Slain by a jackal

Action                   || total
-------------------------++-------
 Fire: Hunting sling     ||    24
 Cast: Corona            ||     1
  Use: Potion            ||     2
  Eat: Chunk             ||     2
Armor: Robe              ||     4
Dodge: Dodged            ||    19
